Map: Acid Plant LE

Players

Humility - Winner!

  • Race: Zerg Zerg
  • League: Diamond
  • Spawn Location: 5:00

A.I. 1 (Very Easy)

  • Race: Zerg Zerg
  • Spawn Location: 11:00

VOD

Have the link to the VOD?

Description

Time

  • Played on: Aug. 31, 2018, 4:56 p.m.
  • Length: 9:14
Show
View Real Time Build Order
Export as new Build Order

Humility Zerg - Winner!

Build Orders: Hatch First 

Get SALT Encoding   

  12  0:02  Drone  
  13  0:12  Overlord  
  13  0:17  Drone  
  14  0:31  Drone x2  
  14  0:34  Drone  
  17  0:52  Hatchery  
  17  0:55  Drone  
  17  0:58  Drone  
  18  1:08  Extractor  
  17  1:12  Spawning Pool  
  17  1:16  Drone  
  17  1:19  Drone  
  18  1:29  Drone  
  19  1:39  Overlord  
  19  1:49  Drone  
  20  2:00  Queen  
  20  2:01  Zergling x2  
  23  2:03  Queen  
  23  2:04  Zergling x2  
  26  2:11  Metabolic Boost  
  26  2:15  Drone x2  
  28  2:29  Hatchery  
  27  2:34  Drone  
  27  2:35  Drone  
  29  2:39  Drone  
  30  2:46  Queen  
  32  2:52  Queen  
  34  2:59  Overlord  
  34  3:02  Overlord  
  34  3:12  Drone x2  
  36  3:21  Drone x6  
  42  3:27  Queen  
  45  3:34  Drone  
  45  3:37  Drone x2  
  47  3:44  Queen  
  47  3:46  Overlord  
  49  3:50  Overlord  
  49  3:57  Lair  
  49  3:59  Extractor  
  49  4:00  Extractor  
  49  4:02  Drone x3  
  50  4:04  Drone x3  
  53  4:16  Drone  
  53  4:17  Drone x7  
  61  4:32  Baneling Nest  
  61  4:35  Drone x3  
  61  4:37  Overlord  
  63  4:39  Drone  
  63  4:40  Drone x3  
  63  4:42  Drone  
  63  4:43  Drone  
  63  4:44  Drone  
  70  4:53  Drone x2  
  70  4:54  Drone x2  
  70  4:59  Drone x2  
  76  5:00  Evolution Chamber  
  76  5:02  Evolution Chamber  
  76  5:03  Drone  
  76  5:04  Hydralisk Den  
  74  5:08  Extractor, Drone  
  74  5:10  Drone x3  
  77  5:15  Extractor  
  77  5:18  Drone x3  
  77  5:19  Overlord x2  
  77  5:20  Overlord  
  79  5:23  Overlord  
  79  5:37  Zerg Melee Weapons Level 1, Zerg Ground Armor Level 1  
  79  5:39  Overlord  
  79  5:41  Centrifical Hooks  
  79  5:45  Zergling x18  
  88  5:54  Drone  
  88  5:55  Drone  
  90  6:01  Hatchery  
  90  6:02  Grooved Spines  
  89  6:08  Hatchery  
  88  6:13  Overlord x2  
  88  6:14  Hydralisk x4  
  96  6:24  Hydralisk  
  96  6:25  Hydralisk x4  
  106  6:29  Extractor  
  106  6:31  Zergling x12  
  111  6:35  Hydralisk x2  
  111  6:39  Overlord  
  115  6:41  Drone x3  
  118  6:49  Hydralisk  
  118  6:50  Hydralisk x3  
  118  6:54  Zergling x8  
  129  6:55  Zergling x2  
  129  6:57  Hydralisk  
  129  6:58  Hydralisk  
  135  7:12  Drone  
  135  7:13  Infestation Pit, Muscular Augments  
  135  7:14  Queen  
  137  7:26  Drone x7  
  137  7:27  Queen  
  137  7:29  Overlord x4  
  146  7:31  Drone x5  
  146  7:34  Extractor  
  150  7:46  Drone x4  
  150  7:47  Drone x3  
  157  8:02  Overlord  
  157  8:03  Overlord  
  157  8:04  Hydralisk x7  
  171  8:17  Hydralisk x5  
  181  8:23  Hydralisk x3  
  187  8:27  Overlord x2  
  187  8:37  Extractor  
  186  8:45  Hydralisk x4  
  186  8:46  Hydralisk  
  196  8:50  Overlord, Hatchery  
  196  8:53  Hatchery, Unknown  
Show
View Real Time Build Order
Export as new Build Order

A.I. 1 (Very Easy) Zerg 

Build Orders: Pool First 

Get SALT Encoding   

  12  0:01  Drone  
  13  0:12  Overlord  
  13  0:16  Drone  
  14  0:36  Spawning Pool  
  14  0:37  Extractor  
  14  0:40  Drone  
  13  0:47  Drone  
  14  0:53  Overlord  
  14  1:23  Zergling x2  
  14  1:24  Queen  
  17  1:33  Roach Warren  
  17  1:35  Drone  
  17  1:40  Extractor  
  17  1:43  Zergling x2  
  17  1:44  Drone  
  18  1:57  Drone  
  19  2:04  Zergling x2  
  19  2:07  Drone  
  21  2:18  Drone  
  22  2:29  Drone  
  23  2:32  Overlord  
  23  2:36  Drone  
  24  2:43  Drone  
  25  6:04  Lair, Drone  
  26  6:11  Drone  
  27  6:18  Drone  
  28  6:26  Drone  
  28  6:27  Overlord  
  28  6:28  Zergling x2  
  29  6:33  Drone  
  28  6:51  Zergling x2  
  29  7:02  Overseer x2  
  29  7:07  Spire  
  29  7:08  Drone  
  29  7:14  Zergling x2  
  30  7:19  Hatchery, Drone  
  30  8:19  Mutalisk  
  32  8:32  Drone  
  33  8:38  Extractor  
  33  8:39  Drone  
  30  8:43  Zergling x2  
  30  8:46  Drone  
  24  8:53  Drone  
  24  8:55  Overlord  
  25  9:01  Drone  
Tags
 
League
Diamond
Matchup
ZvZ
Race
Zerg
Spawn Locations
Cross Positions
Add a new tag
Caveats
  • Supply blocks, unpowered buildings, or Contaminate may cause inaccurate times.
  • Supply counts are checked every 10 seconds.